CRL
ROCKY MOUNT LEAFS @ GREENSBORO HORNETS
08/04/1982
 
TOP OF THE 1ST
Rocky Mount Leafs batting - Pitching for Greensboro Hornets : RHP Jesus Silva
Pitching: RHP Jesus Silva
Batting: SHB Keith Spreckels 0-0: Swinging Strike
0-1: Ball
1-1: Foul Ball, location: 2F
1-2: Ball
2-2: Foul Ball, location: 2F
2-2: Strikes out swinging
Batting: RHB Kevin McGann 0-0: Swinging Strike
0-1: Foul Ball, location: 2F
0-2: Ball
1-2: Ball
2-2: Strikes out swinging
Batting: LHB Oscar Ramirez 0-0: Ball
1-0: Ball
2-0: Foul Ball, location: 2F
2-1: Foul Ball, location: 2F
2-2: Ball
3-2: Ground out 6-3 (Groundball, 6M, EV 81.3 MPH)
Top of the 1st over - 0 runs, 0 hits, 0 errors, 0 left on base; Rocky Mount 0 - Greensboro 0
BOTTOM OF THE 1ST
Greensboro Hornets batting - Pitching for Rocky Mount Leafs : RHP Scott Patterson
Pitching: RHP Scott Patterson
Batting: LHB Ozzie Guillen 0-0: Called Strike
0-1: Foul Ball, location: 2F
0-2: Strikes out swinging
Batting: SHB Mark Bailey 0-0: Ball
1-0: Ball
2-0: Foul Ball, location: 2F
2-1: Ball
3-1: SINGLE (Groundball, 4D, EV 100.6 MPH)
Batting: LHB Preston Cash 0-0: Ball
1-0: Foul Ball, location: 2F
1-1: Called Strike
1-2: Ball
2-2: Fly out, F7 (Flyball, 7D, EV 80.6 MPH)
Batting: RHB Greg Jelks 0-0: Swinging Strike
0-1: Ball
1-1: Ball
2-1: Fly out, F8 (Flyball, 8LM, EV 91.3 MPH)
Bottom of the 1st over - 0 runs, 1 hit, 0 errors, 1 left on base; Rocky Mount 0 - Greensboro 0
TOP OF THE 2ND
Rocky Mount Leafs batting - Pitching for Greensboro Hornets : RHP Jesus Silva
Batting: RHB Theodore Smith 0-0: Foul Ball, location: 2F
0-1: Ball
1-1: Fly out, F9 (Flyball, 89S, EV 83.8 MPH)
Batting: RHB Glen Bockhorn 0-0: Called Strike
0-1: Ball
1-1: Foul Ball, location: 2F
1-2: Ground out 6-3 (Groundball, 6, EV 90.6 MPH)
Batting: RHB Brian Poldberg 0-0: Called Strike
0-1: Ball
1-1: Called Strike
1-2: Ground out 6-3 (Groundball, 6, EV 88.1 MPH)
Top of the 2nd over - 0 runs, 0 hits, 0 errors, 0 left on base; Rocky Mount 0 - Greensboro 0
BOTTOM OF THE 2ND
Greensboro Hornets batting - Pitching for Rocky Mount Leafs : RHP Scott Patterson
Batting: LHB Francisco Melendez 0-0: Ball
1-0: Ball
2-0: Ball
3-0: Called Strike
3-1: Ground out 6-3 (Groundball, 6, EV 81.3 MPH)
Batting: RHB Bernardo Brito 0-0: DOUBLE (Line Drive, 89XD, EV 95.6 MPH)
Batting: RHB Ed Romero 0-0: Called Strike
0-1: Fly out, F7 (Line Drive, 78M, EV 89.4 MPH)
Batting: RHB Mark Cauley 0-0: Ball
1-0: Ball
2-0: Fly out, F8 (Line Drive, 8LD, EV 88.8 MPH)
Bottom of the 2nd over - 0 runs, 1 hit, 0 errors, 1 left on base; Rocky Mount 0 - Greensboro 0
TOP OF THE 3RD
Rocky Mount Leafs batting - Pitching for Greensboro Hornets : RHP Jesus Silva
Batting: LHB Chris D Jones 0-0: Foul Ball, location: 2F
0-1: Foul Ball, location: 2F
0-2: Ball
1-2: Ball
2-2: Ground out 4-3 (Groundball, 4, EV 100.6 MPH)
Batting: RHB Sergio Loya 0-0: SINGLE (Line Drive, 56D, EV 97.5 MPH)
Batting: RHB Todd Cruz 0-0: Ball
1-0: Ball
2-0: Ball
3-0: Called Strike
3-1: Foul Ball, location: 2F
3-2: Strikes out swinging
Batting: SHB Keith Spreckels 0-0: Foul Ball, location: 2F
0-1: Ball
1-1: Called Strike
1-2: Ball
2-2: Reached on error, E5 (Flyball, 5D, EV 83.1 MPH)
Sergio Loya to second
Batting: RHB Kevin McGann 0-0: Ball
1-0: Foul Ball, location: 2F
1-1: Swinging Strike
1-2: Ball
2-2: Foul Ball, location: 2F
2-2: Ball
Passed Ball!
Sergio Loya to third
Keith Spreckels to second
3-2: Ground out 1-3 (Groundball, 34S, EV 65.6 MPH)
Top of the 3rd over - 0 runs, 1 hit, 1 error, 2 left on base; Rocky Mount 0 - Greensboro 0
BOTTOM OF THE 3RD
Greensboro Hornets batting - Pitching for Rocky Mount Leafs : RHP Scott Patterson
Batting: LHB Stephen DeMatties 0-0: Ball
1-0: Ball
2-0: Foul Ball, location: 2F
2-1: Ball
3-1: Called Strike
3-2: Foul Ball, location: 2F
3-2: Fly out, F5 (Popup, 56S, EV 71.3 MPH)
Batting: LHB Ozzie Guillen 0-0: Foul Ball, location: 2F
0-1: Swinging Strike
0-2: Ground out 6-3 (Groundball, 6, EV 102.5 MPH)
Batting: SHB Mark Bailey 0-0: Ball
1-0: Ball
2-0: Ball
3-0: Base on Balls
Batting: LHB Preston Cash 0-0: Ball
1-0: Foul Ball, location: 2F
1-1: Foul Ball, location: 2F
1-2: Foul Ball, location: 2F
1-2: Ball
2-2: Ball
3-2: Foul Ball, location: 2F
3-2: Foul Ball, location: 2F
3-2: SINGLE (Line Drive, 4D, EV 96.9 MPH)
Mark Bailey to second
Mark Bailey to third
Batting: RHB Greg Jelks 0-0: Ball
1-0: Ball
2-0: Ball
3-0: Called Strike
3-1: Foul Ball, location: 2F
3-2: Foul Ball, location: 2F
3-2: Base on Balls
Preston Cash to second
Batting: LHB Francisco Melendez 0-0: Called Strike
0-1: Ball
1-1: Ground out U3 (Groundball, 3, EV 102.5 MPH)
Bottom of the 3rd over - 0 runs, 1 hit, 0 errors, 3 left on base; Rocky Mount 0 - Greensboro 0
TOP OF THE 4TH
Rocky Mount Leafs batting - Pitching for Greensboro Hornets : RHP Jesus Silva
Batting: LHB Oscar Ramirez 0-0: Ball
1-0: Foul Ball, location: 2F
1-1: Swinging Strike
1-2: Ball
2-2: Ground out 4-3 (Groundball, 4, EV 87.5 MPH)
Batting: RHB Theodore Smith 0-0: Called Strike
0-1: Ball
1-1: Swinging Strike
1-2: Foul Ball, location: 2F
1-2: Strikes out swinging
Batting: RHB Glen Bockhorn 0-0: Foul Ball, location: 2F
0-1: Ball
1-1: Ball
2-1: Ball
3-1: Base on Balls
Batting: RHB Brian Poldberg 0-0: Ball
1-0: Foul Ball, location: 2F
1-1: Foul Ball, location: 2F
1-2: DOUBLE (Flyball, 78XD, EV 104.4 MPH)
Glen Bockhorn to third
Runner from 3rd tries for Home, SAFE, no throw by LF
Batting: LHB Chris D Jones 0-0: Foul Ball, location: 2F
0-1: Fly out, F6 (Popup, 6M, EV 50.0 MPH)
Top of the 4th over - 1 run, 1 hit, 0 errors, 1 left on base; Rocky Mount 1 - Greensboro 0
BOTTOM OF THE 4TH
Greensboro Hornets batting - Pitching for Rocky Mount Leafs : RHP Scott Patterson
Batting: RHB Bernardo Brito 0-0: Ball
1-0: Fly out, F8 (Line Drive, 8LD, EV 93.1 MPH)
Batting: RHB Ed Romero 0-0: Swinging Strike
0-1: Fly out, F7 (Flyball, 7, EV 96.3 MPH)
Batting: RHB Mark Cauley 0-0: Ball
1-0: Called Strike
1-1: Ground out 4-3 (Groundball, 4, EV 98.1 MPH)
Bottom of the 4th over - 0 runs, 0 hits, 0 errors, 0 left on base; Rocky Mount 1 - Greensboro 0
TOP OF THE 5TH
Rocky Mount Leafs batting - Pitching for Greensboro Hornets : RHP Jesus Silva
Batting: RHB Sergio Loya 0-0: Foul Ball, location: 2F
0-1: Called Strike
0-2: Foul Ball, location: 2F
0-2: Strikes out swinging
Batting: RHB Todd Cruz 0-0: Ground out 6-3 (Groundball, 6, EV 102.5 MPH)
Batting: SHB Keith Spreckels 0-0: Ball
1-0: Called Strike
1-1: Called Strike
1-2: Ball
2-2: Foul Ball, location: 2F
2-2: Ball
3-2: Base on Balls
Batting: RHB Kevin McGann 0-0: Foul Ball, location: 2F
0-1: Ball
1-1: Foul Ball, location: 2F
1-2: Ground out 2-3 (Groundball, 13S, EV 75.0 MPH)
Top of the 5th over - 0 runs, 0 hits, 0 errors, 1 left on base; Rocky Mount 1 - Greensboro 0
BOTTOM OF THE 5TH
Greensboro Hornets batting - Pitching for Rocky Mount Leafs : RHP Scott Patterson
Batting: LHB Stephen DeMatties 0-0: Ball
1-0: Called Strike
1-1: Foul Ball, location: 2F
1-2: Ground out 4-3 (Groundball, 34D, EV 106.3 MPH)
Batting: LHB Ozzie Guillen 0-0: Ball
1-0: Ground out 1-3 (Groundball, 13S, EV 72.5 MPH)
Batting: SHB Mark Bailey 0-0: Swinging Strike
0-1: SINGLE (Groundball, 6MD, EV 105.6 MPH)
Batting: LHB Preston Cash 0-0: Called Strike
0-1: Ball
1-1: Ball
2-1: Ball
3-1: Base on Balls
Mark Bailey to second
Batting: RHB Greg Jelks 0-0: Called Strike
0-1: Foul Ball, location: 2F
0-2: Ball
1-2: Foul Ball, location: 2F
1-2: Ball
2-2: Fly out, F5 (Popup, 5SF, EV 76.3 MPH)
Bottom of the 5th over - 0 runs, 1 hit, 0 errors, 2 left on base; Rocky Mount 1 - Greensboro 0
TOP OF THE 6TH
Rocky Mount Leafs batting - Pitching for Greensboro Hornets : RHP Jesus Silva
Batting: LHB Oscar Ramirez 0-0: Swinging Strike
0-1: Ground out 4-3 (Groundball, 34, EV 81.3 MPH)
Batting: RHB Theodore Smith 0-0: Ball
1-0: Ground out 5-3 (Groundball, 56S, EV 85.6 MPH)
Batting: RHB Glen Bockhorn 0-0: Ball
1-0: SINGLE (Groundball, 56D, EV 102.5 MPH)
Batting: RHB Brian Poldberg 0-0: Swinging Strike
0-1: Swinging Strike
0-2: Strikes out swinging
Top of the 6th over - 0 runs, 1 hit, 0 errors, 1 left on base; Rocky Mount 1 - Greensboro 0
BOTTOM OF THE 6TH
Greensboro Hornets batting - Pitching for Rocky Mount Leafs : RHP Scott Patterson
Batting: LHB Francisco Melendez 0-0: Swinging Strike
0-1: Ball
1-1: Ball
2-1: Foul Ball, location: 2F
2-2: Foul Ball, location: 2F
2-2: Fly out, F8 (Line Drive, 8RD, EV 91.3 MPH)
Batting: RHB Bernardo Brito 0-0: Ball
1-0: Swinging Strike
1-1: Called Strike
1-2: Ball
2-2: Foul Ball, location: 2F
2-2: Strikes out looking
Batting: RHB Ed Romero 0-0: Called Strike
0-1: Ball
1-1: Ground out 6-3 (Groundball, 6M, EV 83.8 MPH)
Bottom of the 6th over - 0 runs, 0 hits, 0 errors, 0 left on base; Rocky Mount 1 - Greensboro 0
TOP OF THE 7TH
Rocky Mount Leafs batting - Pitching for Greensboro Hornets : RHP Jesus Silva
Batting: LHB Chris D Jones 0-0: Ground out U3 (Groundball, 3, EV 85.6 MPH)
Batting: RHB Sergio Loya 0-0: SINGLE (Line Drive, 6D, EV 98.8 MPH)
Batting: RHB Todd Cruz 0-0: Called Strike
Sergio Loya steals 2nd base
0-1: Ground out 6-3 (Groundball, 6, EV 108.8 MPH)
Batting: SHB Keith Spreckels 0-0: Called Strike
0-1: Swinging Strike
0-2: Ball
1-2: Ball
2-2: Foul Ball, location: 2F
2-2: Ball
3-2: Base on Balls
Batting: RHB Kevin McGann 0-0: Fielders Choice at 2nd, U6 (Groundball, 6M, EV 83.1 MPH)
Top of the 7th over - 0 runs, 1 hit, 0 errors, 2 left on base; Rocky Mount 1 - Greensboro 0
BOTTOM OF THE 7TH
Greensboro Hornets batting - Pitching for Rocky Mount Leafs : RHP Scott Patterson
Batting: RHB Mark Cauley 0-0: Called Strike
0-1: Ball
1-1: Foul Ball, location: 2F
1-2: Ground out 4-3 (Groundball, 34, EV 90.6 MPH)
Batting: LHB Stephen DeMatties 0-0: Fly out, F9 (Flyball, 9S, EV 85.6 MPH)
Batting: LHB Ozzie Guillen 0-0: Ball
1-0: Foul Ball, location: 2F
1-1: SINGLE (Groundball, 25, EV 65.6 MPH) (infield hit)
Batting: SHB Mark Bailey 0-0: Ball
1-0: Ball
2-0: Foul Ball, location: 2F
2-1: Ball
3-1: Foul Ball, location: 2F
3-2: Base on Balls
Ozzie Guillen to second
Batting: LHB Preston Cash 0-0: Ball
1-0: Ball
2-0: Ball
3-0: Called Strike
3-1: Foul Ball, location: 2F
3-2: Foul Ball, location: 2F
3-2: Base on Balls
Ozzie Guillen to third
Mark Bailey to second
Batting: RHB Greg Jelks 0-0: Fielders Choice at 2nd, 5-4 (Groundball, 56, EV 82.5 MPH)
Bottom of the 7th over - 0 runs, 1 hit, 0 errors, 3 left on base; Rocky Mount 1 - Greensboro 0
TOP OF THE 8TH
Rocky Mount Leafs batting - Pitching for Greensboro Hornets : RHP Jesus Silva
Pitching: RHP Ray Krawczyk
Batting: LHB Oscar Ramirez 0-0: Ball
1-0: Swinging Strike
1-1: Foul Ball, location: 2F
1-2: Ball
2-2: Fly out, F9 (Line Drive, 9D, EV 99.4 MPH)
Batting: RHB Theodore Smith 0-0: Swinging Strike
0-1: Foul Ball, location: 2F
0-2: Ball
1-2: Strikes out swinging
Batting: RHB Glen Bockhorn 0-0: Ball
1-0: Called Strike
1-1: Ball
2-1: Foul Ball, location: 2F
2-2: Ball
3-2: Base on Balls
Batting: RHB Brian Poldberg 0-0: Ball
1-0: SINGLE (Line Drive, 4, EV 95.6 MPH)
Glen Bockhorn to second
Runner from 2nd tries for 3rd, SAFE, throw by CF made to third
Batting: LHB Chris D Jones 0-0: Foul Ball, location: 2F
0-1: Foul Ball, location: 2F
0-2: Strikes out swinging
Top of the 8th over - 0 runs, 1 hit, 0 errors, 2 left on base; Rocky Mount 1 - Greensboro 0
BOTTOM OF THE 8TH
Greensboro Hornets batting - Pitching for Rocky Mount Leafs : RHP Scott Patterson
Batting: LHB Francisco Melendez 0-0: Called Strike
0-1: Ball
1-1: Foul Ball, location: 2F
1-2: Ball
2-2: Fly out, F4 (Line Drive, 4, EV 65.6 MPH)
Batting: RHB Bernardo Brito 0-0: Ball
1-0: Ground out 6-3 (Groundball, 56, EV 107.5 MPH)
Batting: RHB Ed Romero 0-0: Ball
1-0: Ball
2-0: SINGLE (Line Drive, 8RS, EV 103.8 MPH)
Batting: RHB Mark Cauley 0-0: Called Strike
0-1: Foul Ball, location: 2F
0-2: Strikes out swinging
Bottom of the 8th over - 0 runs, 1 hit, 0 errors, 1 left on base; Rocky Mount 1 - Greensboro 0
TOP OF THE 9TH
Rocky Mount Leafs batting - Pitching for Greensboro Hornets : RHP Ray Krawczyk
Batting: RHB Sergio Loya 0-0: Foul Ball, location: 2F
0-1: Ball
1-1: Called Strike
1-2: Ball
2-2: Strikes out swinging
Batting: RHB Todd Cruz 0-0: Called Strike
0-1: SINGLE (Line Drive, 8LM, EV 95.6 MPH)
Batting: SHB Keith Spreckels 0-0: Swinging Strike
0-1: Ball
1-1: Foul Ball, location: 2F
1-2: Grounds into double play, 6-4-3 (Groundball, 6, EV 86.9 MPH)
Top of the 9th over - 0 runs, 1 hit, 0 errors, 0 left on base; Rocky Mount 1 - Greensboro 0
BOTTOM OF THE 9TH
Greensboro Hornets batting - Pitching for Rocky Mount Leafs : RHP Scott Patterson
Batting: LHB Stephen DeMatties 0-0: Ball
1-0: Called Strike
1-1: Foul Ball, location: 2F
1-2: Foul Ball, location: 2F
1-2: Fly out, F8 (Flyball, 8LXD, EV 91.3 MPH)
Batting: LHB Ozzie Guillen 0-0: Called Strike
0-1: Reached on error, E6 (Groundball, 56S, EV 93.1 MPH)
Batting: SHB Mark Bailey 0-0: Ball
1-0: Swinging Strike
1-1: Ball
2-1: Called Strike
2-2: Strikes out swinging
Batting: LHB Preston Cash 0-0: Called Strike
0-1: Ball
1-1: Called Strike
1-2: Ball
2-2: Foul Ball, location: 2F
2-2: Ball
3-2: SINGLE (Groundball, 34D, EV 98.1 MPH)
Ozzie Guillen to second
Ozzie Guillen to third
Batting: RHB Greg Jelks 0-0: Swinging Strike
0-1: Ball
1-1: Ball
2-1: Called Strike
2-2: Ball
3-2: DOUBLE (Flyball, 89D, EV 97.5 MPH)
Ozzie Guillen scores
Preston Cash to third
Preston Cash scores
Bottom of the 9th over - 2 runs, 2 hits, 1 error, 0 left on base; Rocky Mount 1 - Greensboro 2
Thursday, August 20th, 2020 - OOTP Baseball 21.5 Build 76